 Dungeon Crawl Stone Soup version 0.21.1-1-g345015f (webtiles) character file.

123 Larett the Covert (level 5, -10/34 HPs)
             Began as an Octopode Assassin on Mar 6, 2018.
             Was an Initiate of Ashenzari.
             Killed by nerve-wracking pain
             ... invoked by Grinder
              (14 damage)
             ... on level 3 of the Dungeon.
             The game lasted 00:04:45 (2175 turns).

Larett the Covert (Octopode Assassin)               Turns: 2175, Time: 00:04:46

Health: -10/34     AC:  1    Str: 11    XL:     5   Next: 7%
Magic:  5/5        EV: 13    Int: 13    God:    Ashenzari [......]
Gold:   134        SH:  0    Dex: 14    Spells: 4/4 levels left

rFire    . . .     SeeInvis .   a - +2 dagger
rCold    . . .     Gourm    .   (no shield)
rNeg     . . .     Faith    .   (helmet restricted)
rPois    .         Spirit   .   G - amulet of magic regeneration
rElec    .         Reflect  .   (no ring)
rCorr    .         Harm     .   (no ring)
MR       .....                  (no ring)
Stlth    +++++.....             (no ring)
HPRegen  0.11/turn              (no ring)
MPRegen  0.34/turn              (no ring)
                                (no ring)
                                (no ring)

@: no status effects
A: almost no armour, stealthy swim, amphibious, 8 rings, constrict 8, camouflage
1, gelatinous body 1
a: Curse Item, Renounce Religion


You were on level 3 of the Dungeon.
You worshipped Ashenzari.
Ashenzari was noncommittal.
You were not hungry.

You visited 1 branch of the dungeon, and saw 4 of its levels.

You collected 134 gold pieces.

Inventory:

Hand Weapons
 a - a +2 dagger (weapon)
 b - a +0 hunting sling
 q - a +0 blowgun
Missiles
 c - 8 poisoned needles
 d - 2 curare-tipped needles
 u - 24 sling bullets
 w - 64 stones (quivered)
 B - 13 arrows
 H - 5 steel tomahawks
Jewellery
 G - an amulet of magic regeneration (around mantle)
Scrolls
 r - 3 scrolls of identify {unknown}
 s - a scroll of teleportation {unknown}
 t - 2 scrolls of amnesia {unknown}
 x - a scroll of enchant weapon {unknown}
 y - a scroll of noise {unknown}
 F - a scroll of magic mapping {unknown}
Potions
 v - 3 potions of heal wounds {unknown}
 z - a potion of mutation {unknown}
 A - a potion of brilliance {unknown}
 C - 2 potions of magic {unknown}
 D - a potion of might {unknown}
Comestibles
 f - 3 rations
 I - 4 chunks of flesh


   Skills:
 - Level 2.0 Fighting
 - Level 2.0 Short Blades
 - Level 2.0 Throwing
 - Level 1.0 Dodging
 + Level 8.7 Stealth


You had 4 spell levels left.
You didn't know any spells.

Dungeon Overview and Level Annotations

Branches:
Dungeon (4/15)
 Temple: D:4-7

Altars:
Ashenzari
Elyvilon
Fedhas
Gozag
Xom
The Shining One

Annotations:
D:3 Grinder


Innate Abilities, Weirdness & Mutations

You cannot wear most types of armour.
You are very stealthy in the water. (Stealth+)
You are amphibious.
You can wear up to eight rings at the same time.
You can use your tentacles to constrict eight enemies at once.
Your skin changes colour to match your surroundings (Stealth+).
Your rubbery body absorbs attacks. (AC +1, EV +1)


Message History

You constrict Grinder. Grinder hits you.
You writhe in agony.
* * * LOW HITPOINT WARNING * * *
You hit Grinder.
Grinder is moderately wounded.
You constrict Grinder. Grinder barely misses you.
You hit Grinder.
Grinder is heavily wounded.
You constrict Grinder. Grinder gestures at you. Pain shoots through your body!
* * * LOW HITPOINT WARNING * * *
You hit Grinder.
Grinder is heavily wounded.
You constrict Grinder. Grinder completely misses you.
You hit Grinder. You squeeze Grinder!
Grinder is almost dead.
You constrict Grinder. Grinder gestures at you. Pain shoots through your body!
You die...

#### ..# #.# ####.###
.......## ##.#()##
##...$#.#########
.########.....##..)).>..#
..........@.......#####.#
####...#).5...#.## #.#
#...##......## #.#
#..†###.#..## #.# #..o#
#....# #.#
#####.[o###.#.## #.#
..............# #.#
.####...###.... #.#
#...###.... ..# #.#


You could see Grinder.

Vanquished Creatures
  An orc wizard (D:4)
  A centaur skeleton (D:3)
  A gnoll (D:1)
  An adder (D:2)
  A dart slug (D:1)
  6 orcs (D:3)
  2 bats
  2 giant cockroaches
  3 goblins
  5 hobgoblins
  2 jackals (D:2)
  4 frilled lizards
  8 kobolds
  8 rats
45 creatures vanquished.

Notes
Turn   | Place    | Note
-------+----------+-------------------------------------------
     0 | D:1      | Larett the Octopode Assassin began the quest for the Orb.
     0 | D:1      | Reached XP level 1. HP: 14/14 MP: 1/1
    91 | D:1      | Found a shattered altar of Ashenzari.
   150 | D:1      | Became a worshipper of Ashenzari the Shackled
   218 | D:1      | Reached XP level 2. HP: 19/19 MP: 2/2
   280 | D:1      | Reached skill level 6 in Stealth
   929 | D:2      | Reached XP level 3. HP: 24/24 MP: 3/3
   959 | D:2      | Reached skill level 7 in Stealth
  1038 | D:2      | Found a shimmering altar of Xom.
  1039 | D:2      | Found a white marble altar of Elyvilon.
  1430 | D:2      | Found a glowing golden altar of the Shining One.
  1455 | D:2      | Found a blossoming altar of Fedhas.
  1616 | D:3      | Noticed Grinder
  1638 | D:3      | Found an opulent altar of Gozag.
  1640 | D:3      | Reached skill level 8 in Stealth
  1640 | D:3      | Reached XP level 4. HP: 29/29 MP: 4/4
  2038 | D:3      | Reached XP level 5. HP: 29/34 MP: 5/5
  2162 | D:3      | Paralysed by Grinder for 4 turns
  2173 | D:3      | HP: 3/34 [Grinder/nerve-wracking pain (6)]
  2175 | D:3      | Killed from afar by Grinder

Skill      XL: |  1  2  3 |
---------------+----------+-----
Stealth        | 6 8 |  8.7
Fighting       | |  2.0
Short Blades   | |  2.0
Throwing       | |  2.0
Dodging        | |  1.0

Action                   |  1- 3 |  4- 6 || total
-------------------------+-------+-------++-------
Melee: Dagger            |    40 |    34 ||    74
       Tentacles         |     7 |     7 ||    14
       Constrict         |     7 |     7 ||    14
 Fire: Hunting sling     |    31 |       ||    31
 Stab: Sleeping          |     6 |       ||     6
  Eat: Chunk             |     2 |     2 ||     4
Armor: Skin              |     6 |     5 ||    11
Dodge: Dodged            |    11 |    23 ||    34
